 Dungeon Crawl Stone Soup version 0.30.1-11-g7821555f0a (webtiles) character file.

Game seed: 2771867909572826169

6857 hawla the Thaumaturge (level 11, -1/79 HPs)
             Began as a Meteoran Fire Elementalist on Oct 30, 2023.
             Killed by the air
             ... invoked by a wind drake
              (10 damage)
             ... on level 2 of the Lair of Beasts.
             The game lasted 00:36:05 (4514 turns).

hawla the Thaumaturge (Meteoran Fire Elementalist)  Turns: 4514, Time: 00:36:06

Health: -1/79      AC:  7    Str: 11    XL:     11   Next: 50%
Magic:  2/26       EV: 14    Int: 20    God:
Gold:   134        SH:  5    Dex: 15    Spells: 15/30 levels left

rFire   . . .        l - +0 quarterstaff (spect)
rCold   + . .        (shield currently unavailable)
rNeg    . . .        a - +1 robe
rPois   .            (no helmet)
rElec   .            u - +1 cloak
rCorr   .            g - +0 pair of gloves of Jagen {rC+ Stlth+}
SInv    .            c - +0 pair of boots
Will    +....        j - amulet of reflection
Stlth   +            (no ring)
HPRegen 0.33/turn    (no ring)
MPRegen 0.20/turn

%: reflection
@: spiked, glowing
A: sense surroundings 2, otherworldly, glowing, explore regen
a: no special abilities


You were on level 2 of the Lair of Beasts.
You visited 3 branches of the dungeon, and saw 11 of its levels.
You also visited: Bailey.

You collected 334 gold pieces.
You spent 200 gold pieces at shops.

Inventory:

Hand Weapons
 d - a +1 quarterstaff of draining
 l - a +0 spectral quarterstaff (weapon)
Armour
 a - a +1 robe (worn)
 c - a +0 pair of boots (worn)
 g - the +0 pair of gloves of Jagen (worn) {rC+ Stlth+}
   (You found it on level 4 of the Dungeon)

   rC:        It protects you from cold.
   Stlth:     It makes you more stealthy.
 q - the +10 crystal plate armour of Makhleb's Pride {rPois rN+}
   (You found it in a bailey)

   rPois:     It protects you from poison.
   rN:        It protects you from negative energy.
 s - a +1 tower shield of protection
 u - a +1 cloak (worn)
Magical Staves
 n - a staff of poison
Jewellery
 b - a ring of fire
 j - an amulet of reflection (around neck)
 r - a ring of protection from cold
Wands
 p - a wand of paralysis (6)
 t - a wand of quicksilver (1) (quivered)
Scrolls
 m - 5 scrolls of identify
 o - 2 scrolls of teleportation
 w - a scroll of fog
Potions
 e - a potion of flight
 f - a potion of haste
 i - a potion of might
 v - a potion of heal wounds {unknown}
Miscellaneous
 k - a phial of floods


   Skills:
 + Level 2.1 Fighting
 + Level 7.4 Staves
 + Level 4.4 Dodging
 - Level 1.4 Stealth
 + Level 1.3 Shields
 + Level 10.4 Spellcasting
 + Level 6.7 Conjurations
 + Level 8.6 Fire Magic
 + Level 7.3 Air Magic
 + Level 5.3 Poison Magic
 + Level 4.1 Evocations


You had 15 spell levels left.
You knew the following spells:

 Your Spells              Type           Power      Damage    Failure   Level
a - Foxfire               Conj/Fire      100%       2x1d9     1%          1
b - Scorch                Fire           90%        2d9       1%          2
c - Flame Wave            Conj/Fire      41%        2d11      2%          4
d - Airstrike             Air            20%        2d(3-19)  3%          4
e - Olgreb's Toxic Radia  Pois           32%        N/A       7%          4

Your spell library contained the following spells:

 Spells                   Type           Power      Damage    Failure   Level
 Shock                    Conj/Air       100%       1d9       1%          1
 Poisonous Vapours        Pois/Air       72%        N/A       1%          2
 Swiftness                Air            40%        N/A       1%          3
 Sting                    Tmut/Pois      84%        1d7       2%          1
 Inner Flame              Hex/Fire       27%        N/A       3%          3
 Volatile Blastmotes      Fire/Tloc      54%        2d14      3%          3


Dungeon Overview and Level Annotations

Branches:
Dungeon (8/15) Zot: 1222   Temple (1/1) D:4 Zot: 151    Lair (2/5) D:8 Zot: 1064
 Shoals (0/4) Lair:2       Bailey (visited)
  Snake: Lair:2-3    Spider: Lair:2-3

Altars:
Ashenzari
Cheibriados
Dithmenos
Fedhas
Gozag
Kikubaaqudgha
Makhleb
Nemelex Xobeh
Okawaru
Qazlal
Ru
Sif Muna
Uskayaw
Yredelemnul
Zin

Shops:
D:5 :   D:6 =   D:7 :

Annotations:
Lair:2 Gastronok


Innate Abilities, Weirdness & Mutations

You passively map the area around you.
You are easily found by Zot.
You glow in the dark.
You regain HP and MP as you explore.


Message History

Casting: Flame Wave (dangerous; 3% risk of failure)
Press: ? - help, Dir - look around, f - activate A wave of flame ripples out!
The flame wave engulfs your foxfire.
Your foxfire completely resists.
The flame wave engulfs your foxfire.
Your foxfire completely resists.
The flame wave engulfs the wyvern!!
You kill the wyvern!
The flame wave engulfs the yak!!
You kill the yak! (Press . to intensify the flame waves.)
The yak looks even sicker.
Your toxic aura wanes.
You hear an angry hiss.
The foxfire hits the yak but does no damage.
The yak is moderately wounded.
The foxfire hits the yak.
The yak is moderately wounded.
The manticore flicks its tail.
You block volley of spikes... and reflect it back!
The volley of spikes hits the manticore!
Unknown command.
Casting: Flame Wave (dangerous; 2% risk of failure)
Confirm with . or Enter, or press ? or * to list all spells.
Restarting spell: Flame Wave (dangerous; 2% risk of failure)
Press: ? - help, Dir - look around, f - activate A wave of flame ripples out!
The flame wave engulfs the yak!
The yak is almost dead.
The flame wave engulfs the bullfrog!
You kill the bullfrog! (Press . to intensify the flame waves.)
You hear an angry hiss.
The yak completely misses you.
The manticore flicks its tail.
The volley of spikes hits you!
The barbed spikes become lodged in your body.
* * * LOW HITPOINT WARNING * * *
The wind drake flaps its wings at you. The air twists around and strikes you!
You die...

#, #Y...P##.# .......
Y###.†F# #.# .#..$## ,
#...Y..## #.# #.......
,,*
..#w....###.####...#..#*
,
#.#.#...#.#..##.#..#..#.
*
..........w........k....
**, ,
#.###...#.##PY##H.P#....
,, ##
##.#.####.†#†......> ,
##.### #..Y@#####.. ,
#...## ###§..# * ,,, ,*
##...# ##.## ,* * .
#.P.## #.#* , *
#,*###....# *... , * ##
#.....P#### ... * , * ,
.# #.....P....,... , , .
##.......#.PP...#** * ,
###......### #** * * ,


You could see Gastronok, a wind drake (repels missiles, very poisoned), a
manticore (very poisoned, skewered) and 2 yaks.

Vanquished Creatures
  An orc knight (Bailey)
  Pikel (D:8)
  2 elephants (Lair:1)
  A cane toad (Lair:1)
  A rime drake (D:8)
  A komodo dragon (Lair:2)
  A wyvern (Lair:2)
  4 yaks (Lair:2)
  Duvessa (D:6)
  4 ice beasts (D:8)
  2 water moccasins
  10 orc warriors
  A black bear (D:5)
  3 sky beasts
  2 ogres
  The ghost of Zhuub the Ruffian, an amateur DrTm (D:3)
  2 wolves (D:8)
  A centaur (D:5)
  3 lemures (D:8)
  A kobold brigand (D:8)
  4 bullfrogs
  3 scorpions
  Dowan (D:6)
  5 wights (D:7)
  Crazy Yiuf (D:5)
  A hound (D:6)
  3 jellies
  4 sleepcaps
  2 iguanas (D:4)
  2 orc wizards
  A scorpion simulacrum (D:3)
  3 gnolls (D:6)
  2 adders
  2 hound simulacra (D:3)
  2 white imps
  3 adder simulacra (D:3)
  2 dart slugs
  36 orcs
  2 endoplasms
  2 giant cockroaches
  5 goblins
  2 hobgoblins (D:1)
  6 kobolds
  5 ball pythons
  3 bats
  2 frilled lizards
  A rat (D:2)
  A butterfly (Lair:2)
149 creatures vanquished.

Vanquished Creatures (others)
  263 foxfires
263 creatures vanquished.

Grand Total: 412 creatures vanquished

Notes
Turn   | Place    | Note
-------+----------+-------------------------------------------
     0 | D:1      | hawla the Meteoran Fire Elementalist began the quest for
                  | the Orb.
     0 | D:1      | Reached XP level 1. HP: 14/14 MP: 5/5
    56 | D:1      | Reached XP level 2. HP: 19/20 MP: 1/6
    72 | D:1      | Learned a level 2 spell: Scorch
   310 | D:2      | Reached skill level 3 in Spellcasting
   418 | D:3      | Reached XP level 3. HP: 26/26 MP: 6/8
   464 | D:3      | Found a runed translucent gate.
   464 | D:3      | Found a runed translucent gate.
   466 | D:3      | Found a runed translucent gate.
   500 | D:3      | Noticed Zhuub's ghost (amateur DrTm)
   504 | D:3      | Reached XP level 4. HP: 30/33 MP: 2/10
   516 | D:3      | Killed Zhuub's ghost
   517 | D:3      | Reached skill level 4 in Spellcasting
   517 | D:3      | Reached skill level 5 in Fire Magic
   517 | D:3      | Reached XP level 5. HP: 17/38 MP: 3/12
   531 | D:3      | Learned a level 4 spell: Flame Wave
   601 | D:4      | Reached XP level 6. HP: 45/45 MP: 4/13
   657 | D:4      | Identified the +0 pair of gloves of Jagen {rC+ Stlth+}
   761 | D:4      | Found a staircase to the Ecumenical Temple.
   785 | Temple   | Entered the Ecumenical Temple
  1249 | D:4      | Reached skill level 5 in Conjurations
  1249 | D:4      | Reached XP level 7. HP: 50/50 MP: 7/14
  1432 | D:5      | Entered Level 5 of the Dungeon
  1642 | D:5      | Reached skill level 5 in Staves
  1642 | D:5      | Reached XP level 8. HP: 43/57 MP: 8/15
  1815 | D:5      | You fall into a shaft and drop 1 floor!
  1873 | D:6      | Found a transporter.
  1876 | D:6      | Found Dyigoeng's Jewellery Boutique.
  1907 | D:6      | Found a transporter.
  1917 | D:6      | Learned a level 4 spell: Airstrike
  2019 | D:6      | Reached skill level 1 in Poison Magic
  2019 | D:6      | Reached skill level 1 in Evocations
  2047 | D:6      | Noticed Duvessa
  2047 | D:6      | Noticed Dowan
  2054 | D:6      | Killed Duvessa
  2061 | D:6      | Killed Dowan
  2288 | D:6      | Found a burning altar of Makhleb.
  2289 | D:6      | Found an iron altar of Okawaru.
  2360 | D:6      | Gained mutation: You passively map the area around you.
                  | [Meteoran growth]
  2360 | D:6      | Reached XP level 9. HP: 42/62 MP: 8/16
  2568 | D:7      | Reached skill level 5 in Air Magic
  2662 | D:7      | Reached skill level 5 in Spellcasting
  2668 | D:7      | Found a basalt altar of Yredelemnul.
  2703 | D:7      | Found Jausaw's Book Shop.
  2979 | D:7      | Reached skill level 6 in Spellcasting
  3124 | D:5      | Found Wuzoad's Book Boutique.
  3319 | D:5      | Found a runed translucent door.
  3320 | D:5      | Noticed Crazy Yiuf
  3330 | D:5      | Killed Crazy Yiuf
  3529 | D:8      | Reached skill level 1 in Fighting
  3620 | D:8      | Found a flagged portal.
  3633 | Bailey   | Entered a bailey
  3684 | Bailey   | Reached XP level 10. HP: 71/71 MP: 3/20
  3704 | Bailey   | Noticed an orc knight
  3742 | Bailey   | Reached skill level 7 in Spellcasting
  3856 | Bailey   | Killed an orc knight
  3857 | Bailey   | Reached skill level 8 in Spellcasting
  3916 | Bailey   | Identified the +10 crystal plate armour of Makhleb's Pride
                  | {rPois rN+}
  4082 | D:5      | Bought a Young Poisoner's Handbook for 200 gold pieces
  4147 | D:8      | Learned a level 4 spell: Olgreb's Toxic Radiance
  4205 | D:8      | Noticed Pikel
  4216 | D:8      | Killed Pikel
  4338 | D:8      | Noticed a rime drake
  4342 | D:8      | Killed a rime drake
  4367 | D:8      | Reached XP level 11. HP: 61/78 MP: 7/24
  4370 | D:8      | Found a staircase to the Lair.
  4376 | D:8      | Reached skill level 9 in Spellcasting
  4379 | Lair:1   | Entered Level 1 of the Lair of Beasts
  4402 | Lair:1   | Noticed an elephant
  4402 | Lair:1   | Noticed an elephant
  4402 | Lair:1   | Noticed an elephant
  4403 | Lair:1   | Noticed an elephant
  4403 | Lair:1   | Noticed an elephant
  4404 | Lair:1   | Noticed an elephant
  4407 | Lair:1   | Noticed an elephant
  4408 | Lair:1   | Noticed an elephant
  4408 | Lair:1   | Noticed an elephant
  4409 | Lair:1   | Noticed an elephant
  4411 | Lair:1   | Killed an elephant
  4412 | Lair:1   | Noticed an elephant
  4421 | Lair:1   | Killed an elephant
  4422 | Lair:1   | Reached skill level 1 in Shields
  4422 | Lair:1   | You fall into a shaft and drop 1 floor!
  4451 | Lair:2   | Reached skill level 5 in Poison Magic
  4486 | Lair:2   | Reached skill level 10 in Spellcasting
  4492 | Lair:2   | Noticed Gastronok
  4503 | Lair:2   | Noticed a manticore
  4505 | Lair:2   | Found a staircase to the Shoals.
  4514 | Lair:2   | Killed from afar by a wind drake

Illustrated notes

Levels and vault maps discovered:
D:1:      onia_arrival_pyramid, layout_loops_ring,
          hellmonk_ecumenical_altar_zigzags
D:2:      kennysheep_the_goblin_king, layout_loops_ring, kennysheep_nondescript,
          uniq_jessica, uniq_sigmund
D:3:      layout_basic, gammafunk_ghost_icy
D:4:      layout_rooms, minmay_temple_entry_stoned_glass
D:5:      layout_basic, serial_shops, nicolae_shop_pleasant_corner_grove,
          uniq_crazy_yiuf_cottage
D:6:      layout_loops_ring, nicolae_overflow_hidden_temple, serial_shops,
          nicolae_shop_drivethru, uniq_duvessa
D:7:      layout_cave_pools, marbit_many_paths, serial_shops, shop,
          corner_web_ring
D:8:      layout_cave_pods, hellmonk_lair_entry_icy, enter_bailey_5,
          minmay_fractal_squares_gapless_5, uniq_pikel
Temple:   minmay_temple_forest_path
Lair:1:   layout_roguey
Lair:2:   layout_loops_ring, minmay_shoals_entry_beasts, dummy_snake_entry,
          lemuel_fruit_fields, uniq_gastronok

Skill      XL: |  1  2  3  4  5  6  7  8  9 10 11 |
---------------+----------------------------------+-----
Fire Magic     | 4 5 6 7 8 |  8.6
Spellcasting   | 3 4 6 8 10 | 10.4
Dodging        | 3 4 |  4.4
Conjurations   | 2 5 6 |  6.7
Staves         | 5 6 7 |  7.4
Air Magic      | 3 6 7 |  7.3
Poison Magic   | 2 3 4 5 |  5.3
Evocations     | 2 3 4 |  4.1
Fighting       | 1 2 |  2.1
Shields        | 1 |  1.3
Stealth        | |  1.4

Action                     |  1- 3 |  4- 6 |  7- 9 | 10-12 || total
---------------------------+-------+-------+-------+-------++-------
  Melee: Unarmed           |    10 |     2 |       |       ||    12
         Quarterstaff      |       |       |    39 |    16 ||    55
         Staff             |       |       |    14 |       ||    14
   Cast: Foxfire           |    19 |    18 |    70 |    44 ||   151
         Scorch            |     9 |    14 |    46 |    24 ||    93
         Flame Wave        |       |       |    10 |    12 ||    22
         Airstrike         |       |       |     2 |     4 ||     6
         Olgreb's Toxic Ra |       |       |       |     9 ||     9
  Evoke: Wand              |       |       |       |     9 ||     9
    Use: Scroll            |     3 |     6 |     5 |     4 ||    18
         Potion            |       |     4 |     2 |     3 ||     9
 Armour: Robe              |     9 |     5 |    20 |    15 ||    49
  Dodge: Dodged            |    10 |    11 |    39 |    30 ||    90
  Block: Other             |     1 |     2 |     9 |    13 ||    25
         Reflection        |       |       |       |     1 ||     1
